[Event "Early-Titled-Tuesday-Blitz-February-27-2024"]
[Site "Chess.com"]
[Date "2024.02.27"]
[Round "4"]
[White "Rogarcia1"]
[Black "As0nchess"]
[Result "1/2-1/2"]
[WhiteElo "2400"]
[BlackElo "2532"]
[TimeControl "180+1"]
[EndTime "8:39:25 PST"]
[Termination "Game drawn by repetition"]

1. e4 c5 2. Nf3 e6 3. d4 cxd4 4. Nxd4 a6 5. c4 Nf6 6. Nc3 Bb4 7. Qd3 Nc6 8. Nc2 Be7 9. Bf4 d6 10. Rd1 Ne5 11. Qd2 Qc7 12. b3 b6 13. f3 Bb7 14.
Be3 Rc8 15. Bd4 O-O 16. Be2 Rfe8 17. O-O d5 18. exd5 exd5 19. Qe3 Bd6 20. Qf2 dxc4 21. Bxb6 Qe7 22. Bd4 cxb3 23. axb3 Nc6 24. Bxf6 Qxf6 25. Ne4 Rxe4 26. fxe4 Qe5 27. Qg3 Qc5+ 28. Qe3 Qxe3+ 29. Nxe3 Bc5 30. Rf3 Nd4 31. Rf2 Nxb3 32. Rd3 Nc1 33. Rc3 Bd4 34. Rxc8+ Bxc8 35. Kf1 Bxe3 36. Rf3 Bh6 37.
Rc3 Be6 38. Bxa6 g6 39. Bc4 Bxc4+ 40. Rxc4 Nd3 41. Ke2 Ne5 42. Rc8+ Kg7 43. h3 Bg5 44. Rc7 h5 45. Kf2 h4 46. Rb7 Bf4 47. Rb4 g5 48.
Rb5 f6 49. Rd5 Kg6 50. Rb5 Nf7 51. Rd5 Nd6 52. Kf3 Kf7 53. Rc5 Ke6 54. Rc7 Nxe4 55. Rh7 Nd2+ 56. Kf2 Nc4 57. Kf3 Ne5+ 58. Kf2 Kf5 59.
Rb7 Ke4 60. Rb4+ Kf5 61. Rb6 Nf7 62. Rc6 Nd6 63. Ra6 Be5 64. Kf3 Nf7 65. Ra8 Nd6 66. Ra6 Nc4 67. Ra8 Nd2+ 68. Ke2 Ne4 69. Kf3 Nd6 70.
Ra6 1/2-1/2

[Event "Early-Titled-Tuesday-Blitz-February-27-2024"]
[Site "Chess.com"]
[Date "2024.02.27"]
[Round "4"]
[White "MatthewG-p4p"]
[Black "Russian_berezka"]
[Result "1-0"]
[WhiteElo "2900"]
[BlackElo "2574"]
[TimeControl "180+1"]
[EndTime "8:39:26 PST"]
[Termination "MatthewG-p4p won by resignation"]

1. e4 c5 2. c3 d5 3. exd5 Nf6 4.
Qa4+ Nbd7 5. Qb3 g6 6. Nf3 Bg7 7. Be2 O-O 8. O-O Nb6 9. c4 e6 10. dxe6 Bxe6 11. Nc3 Ng4 12. d3 Ne5 13. Nxe5 Bxe5 14.
Be3 Rc8 15. Ne4 Qe7 16. Rae1 f5 17. Ng5 f4 18. Nxe6 Qxe6 19. Bd2 Qf5 20. Bf3 Rcd8 21.
Re4 Rd4 22. Rfe1 Rxe4 23. Bxe4 Qf6 24. Bc3 Bxc3 25. bxc3 Rf7 26. a4 Re7 27. a5 Nc8 28. Qa3 Nd6 29. Qxc5 Nxe4 30. Qd5+ Kg7 31. Rxe4 Rxe4 32.
Qxe4 Qxc3 33. h4 Qxa5 34. Qxb7+ Kh6 35. Qe4 Qd2 36. c5 Qc1+ 37. Kh2 Qxc5 38. Qxf4+ Kg7 39.
d4 Qb6 40. Qe5+ Kh6 41. d5 Qxf2 42. Qg5+ Kg7 43. d6 Qd4 44. Qe7+ Kh6 45. d7 Qf4+ 46. Kg1 Qc1+ 47. Kf2 Qd2+ 48. Kf3 Qd5+ 49. Ke3 Qb3+ 50. Kd4 Qb6+ 51. Kd5 Qb5+ 52. Ke6 Qc4+ 53. Kf6 Qf4+ 54. Ke6 Qc4+ 55. Ke5 Qc3+ 56. Kd5 Qb3+ 57. Kd4 Qb2+ 58. Kd3 Qb3+ 59. Ke4 Qc2+ 60. Kf3 Qd1+ 61. Kg3 Qd3+ 62. Kh2 Qd2 63. Qg5+ Qxg5 64. hxg5+ 1-0

[Event "Early-Titled-Tuesday-Blitz-February-27-2024"]
[Site "Chess.com"]
[Date "2024.02.27"]
[Round "4"]
[White "Mikhail_Bryakin"]
[Black "Bilan_Danila"]
[Result "1-0"]
[WhiteElo "2747"]
[BlackElo "2543"]
[TimeControl "180+1"]
[EndTime "8:39:26 PST"]
[Termination "Mikhail_Bryakin won by resignation"]

1. e4 c6 2. Nf3 d5 3. d3 Bg4 4.
h3 Bh5 5. Be2 e6 6. O-O Nd7 7.
Nbd2 Bc5 8. b3 Ngf6 9. Bb2 Qc7 10. e5 Ng8 11. c4 Ne7 12. d4 Bb6 13. a3 a5 14. c5 Ba7 15. b4 O-O 16. Bd3 f6 17. Qc2 Bg6 18. Rae1 fxe5 19. Nxe5 Nxe5 20. Rxe5 axb4 21. axb4 Qd7 22. Rfe1 Rf6 23. Nf3 Raf8 24. Bc1 Bb8 25. Bg5 Rxf3 26. gxf3 Bxe5 27. Rxe5 Rxf3 28.
Bxg6 Nxg6 29. Re3 Rxe3 30. fxe3 Qf7 31. Qa2 h6 32. Bd8 Kh7 33. Qg2 Qf5 34. Kh2 e5 35.
Bc7 exd4 36. exd4 Qe4 37. Qxe4 dxe4 38. Kg3 Ne7 39. Kg4 Nd5 40. Bf4 Kg6 41. Bd2 Kf6 42.
h4 g6 43. Bxh6 Nxb4 44. Kf4 Nd5+ 45. Kxe4 Nc3+ 46. Kd3 Nd5 47. Ke4 Nc3+ 48. Kf4 Nb5 49.
Bg5+ Ke6 50. Ke4 Nc3+ 51. Kd3 Nd5 52. Ke4 Nc3+ 53. Ke3 Kf5 54. Bd8 Nd5+ 55. Kd3 Kg4 56. Ke4 Nc3+ 57. Ke5 Ne2 58. Bf6 Kh5 59. Kd6 Nf4 60. Bg5 Nh3 61. Bd8 Nf4 62. Bg5 Nh3 63.
Bc1 Kxh4 64. Kc7 g5 65. Kxb7 g4 66. Kxc6 g3 67. Be3 Kg4 68. d5 Kf3 69. Bd4 Nf4 70. d6 Ne2 71. Bg1 Nxg1 72. d7 g2 73. d8=Q Ne2 74. Qd3+ Kf2 75. Qf5+ Ke1 76. Qb1+ Kf2 77. Qf5+ Ke1 78. Qg5 Kf2 79. Qh4+ Kf1 80. Qh3 Kf2 81.
Qh2 Kf3 82. Kd6 g1=Q 83. Qxg1 Nxg1 84. c6 Ne2 85. c7 Nd4 86. c8=Q 1-0

[Event "Early-Titled-Tuesday-Blitz-February-27-2024"]
[Site "Chess.com"]
[Date "2024.02.27"]
[Round "4"]
[White "ProChessWICTH"]
[Black "Viktor_Poddubnyi"]
[Result "1/2-1/2"]
[WhiteElo "2512"]
[BlackElo "2231"]
[TimeControl "180+1"]
[EndTime "8:39:27 PST"]
[Termination "Game drawn by repetition"]

1. e4 g6 2. Nf3 Bg7 3. Bc4 e6 4. O-O d5 5. exd5 exd5 6. Bb3 Ne7 7. h3 c5 8. c3 O-O 9. d4 c4 10. Bc2 Bf5 11. b3 cxb3 12. Bxb3 Nbc6 13. Re1 Na5 14. Ba3 Re8 15. Nbd2 h6 16. Ne5 Nec6 17. f4 Rc8 18.
Qf3 Nxb3 19. axb3 a6 20. Nxc6 bxc6 21. Bc5 Rxe1+ 22. Rxe1 Qd7 23. Ra1 Qb7 24. Qe2 Ra8 25.
b4 Bf6 26. Bd6 Rd8 27. Bc5 Bc8 28. Re1 Bd7 29. Nf3 Re8 30. Qd2 Re4 31. Rxe4 dxe4 32.
Ne5 Bxe5 33. dxe5 Qc8 34. Qd6 Be6 35. Kf2 Qe8 36. g4 Qc8 37. Kg3 h5 38. gxh5 gxh5 39. h4 Bh3 40. Kf2 Qf5 41. Qf8+ Kh7 42. Be3 Qg6 43.
Qe7 Qg2+ 44. Ke1 Qf1+ 45. Kd2 Qg2+ 46. Kc1 Qf1+ 47. Kb2 Qe2+ 48. Ka3 Qxe3 49. Qxf7+ Kh8 50. Qf6+ Kh7 51. e6 Bxe6 52. Qxe6 Qxc3+ 53. Ka4 Qc2+ 54. Ka5 Qd3 55. Kb6 e3 56. f5 e2 57. f6 Qd4+ 58. Kc7 Qf4+ 59. Kxc6 Qf3+ 60. Kc7 Qg3+ 61. Kb7 e1=Q 62. Qf7+ Kh6 63. Qf8+ Kh7 64. Qf7+ Kh6 65. Qf8+ Kh7 66. Qf7+ 1/2-1/2

[Event "Early-Titled-Tuesday-Blitz-February-27-2024"]
[Site "Chess.com"]
[Date "2024.02.27"]
[Round "4"]
[White "sewlins"]
[Black "LeoLV10"]
[Result "0-1"]
[WhiteElo "2156"]
[BlackElo "2480"]
[TimeControl "180+1"]
[EndTime "8:39:28 PST"]
[Termination "LeoLV10 won by resignation"]

1. e4 c6 2. Nf3 d5 3. Nc3 Bg4 4. h3 Bxf3 5. Qxf3 e6 6. Be2 Nd7 7. d4 dxe4 8. Nxe4 Ngf6 9. O-O Nxe4 10. Qxe4 Nf6 11. Qd3 Be7 12. Rd1 O-O 13. Bf3 Qb6 14. c4 Rad8 15. b3 e5 16. Be3 exd4 17. Bxd4 c5 18. Qe2 cxd4 19. Qxe7 Rd7 20. Qe5 Re8 21. Qf5 Qc7 22. g3 Re5 23. Qd3 g6 24. Rac1 Kg7 25.
Kg2 b6 26. Rd2 a5 27. Rcd1 Re8 28. Qc2 Red8 29. Rd3 Rd6 30. Qe2 Re6 31. Qb2 Qe5 32.
Qa1 Red6 33. Qc1 Qf5 34. Qd2 Qe5 35. Re1 Qc5 36. Qd1 Qc7 37. Qe2 Re8 38. Qd1 Rxe1 39. Qxe1 Nd7 40. Qe4 Nc5 41. Qe2 Nxd3 42. Qxd3 Qe7 43.
Bd5 Qe5 44. a4 f5 45. f4 Qe3 46. Qxe3 dxe3 47. Kf3 Kf6 48. Kxe3 Ke7 49. Kd4 Kd8 50. Ke5 Kc7 51. g4 fxg4 52. hxg4 Kd7 53. f5 gxf5 54.
gxf5 Ke7 55. Kf4 Kf6 56. Kg4 h6 57. Be6 Rxe6 58. fxe6 Kxe6 59. Kh5 Kd6 60. Kxh6 Kc5 61. Kg5 Kb4 62. Kf5 Kxb3 63. Ke5 Kxc4 64. Kd6 Kb4 65. Kc6 Kxa4 66. Kxb6 Kb4 67. Kc6 a4 0-1

[Event "Early-Titled-Tuesday-Blitz-February-27-2024"]
[Site "Chess.com"]
[Date "2024.02.27"]
[Round "4"]
[White "AlmasRakhmatullaev"]
[Black "Oleksandr_Bortnyk"]
[Result "0-1"]
[WhiteElo "2833"]
[BlackElo "3062"]
[TimeControl "180+1"]
[EndTime "8:39:31 PST"]
[Termination "Oleksandr_Bortnyk won by resignation"]

1. e4 Nf6 2. Qe2 e5 3. Nf3 Nc6 4. Nc3 Bc5 5. d3 d6 6. h3 h6 7. g4 Be6 8. Bg2 a6 9. Be3 Nd7 10. Nd5 Bxd5 11. exd5 Ne7 12. Bxc5 Nxc5 13. d4 exd4 14.
Nxd4 O-O 15. O-O-O Ng6 16. Qd2 Qg5 17. Qxg5 hxg5 18. Nf5 Rfe8 19. Bf3 Re5 20. h4 gxh4 21. Nxh4 Nxh4 22. Rxh4 Rae8 23. Rdh1 f6 24. g5 Re1+ 25. Rxe1 Rxe1+ 26. Kd2 fxg5 27. Rg4 Re5 28. b4 Na4 29. c4 Kf7 30. Be4 Nb6 31. Kd3 Nd7 32. Rg3 Nf6 33. Bf3 Rf5 34. Ke3 Kg6 35. Rg1 Rf4 36. Be2 Re4+ 37.
Kd3 Rh4 38. Ke3 Rh3+ 39. f3 g4 40. Kf4 Rh2 41. Bd3+ Kf7 42. fxg4 Rf2+ 43. Ke3 Rxa2 44. g5 Nd7 45. g6+ Ke7 46. c5 dxc5 47. bxc5 Nxc5 48. Bf5 Ra3+ 49. Kd4 Kd6 50. Re1 Ra4+ 51. Kc3 Rf4 52. Bc2 Rf3+ 53. Kd4 Rf4+ 54. Kc3 b5 55. Re8 b4+ 56.
Kd2 Rf2+ 57. Kc1 b3 58. Bb1 Na4 59. Rd8+ Ke5 60. Rg8 Rf1+ 61. Kd2 Rxb1 62. Rxg7 Rg1 63. Re7+ Kxd5 64. g7 b2 65. Re1 Rxg7 66. Kc2 Rg3 67.
Rc1 bxc1=Q+ 0-1

[Event "Early-Titled-Tuesday-Blitz-February-27-2024"]
[Site "Chess.com"]
[Date "2024.02.27"]
[Round "4"]
[White "edgarhay012"]
[Black "SuperBlitz2013"]
[Result "0-1"]
[WhiteElo "2627"]
[BlackElo "2253"]
[TimeControl "180+1"]
[EndTime "8:39:32 PST"]
[Termination "SuperBlitz2013 won by checkmate"]

1. e4 e5 2. Nf3 Nc6 3. Bb5 a6 4. Ba4 Nf6 5. O-O Be7 6. Bxc6 dxc6 7. d3 Nd7 8. Nbd2 O-O 9. Nc4 f6 10. Nh4 c5 11. Nf5 Nb8 12. Qf3 Nc6 13. c3 Be6 14. b3 Qd7 15. Bb2 Rfd8 16. Rad1 Bf8 17. Bc1 Qf7 18.
Nce3 Rd7 19. Ng4 Kh8 20. h4 Rad8 21. Nh2 b5 22. h5 c4 23. dxc4 bxc4 24. h6 g6 25. Ne3 cxb3 26. axb3 Bxh6 27. Rxd7 Rxd7 28. b4 Bg7 29. Rd1 f5 30. Rxd7 Qxd7 31. Nhf1 f4 32. Nd5 Ne7 33. c4 c6 34. Nb6 Qd8 35. c5 Nc8 36. Nxc8 Bxc8 37. Qe2 Qd4 38. Qd2 Qxd2 39. Nxd2 Be6 40. Bb2 Ba2 41. Nf3 Bb1 42. Bxe5 Bxe4 43. Bxg7+ Kxg7 44. Nd4 Kf6 45. Kf1 Ke5 46. Nb3 Kd5 47.
Na5 Kd4 48. f3 Bd5 49. Nb7 Kc3 50. Ke2 Kxb4 51. Kd3 a5 52. Kc2 a4 53. Kb2 a3+ 54.
Ka1 Kb5 55. Nd6+ Kxc5 56. Ne8 Bc4 57. Nf6 Bf1 58. Nxh7 Bxg2 59. Nf8 Bxf3 60. Nxg6 Bd5 61. Nxf4 Kb4 62. Nd3+ Kc3 63. Nf4 Bg8 64. Ne2+ Kb3 65.
Nd4+ Kb4 66. Nf5 Kb3 67. Ne7 c5 68. Nxg8 c4 69. Nf6 c3 70. Nd7 c2 71. Nc5+ Kc3 72.
Ka2 c1=Q 73. Nb3 Qb2# 0-1

[Event "Early-Titled-Tuesday-Blitz-February-27-2024"]
[Site "Chess.com"]
[Date "2024.02.27"]
[Round "4"]
[White "deepfear"]
[Black "EdmundPlayer"]
[Result "0-1"]
[WhiteElo "1970"]
[BlackElo "2269"]
[TimeControl "180+1"]
[EndTime "8:39:32 PST"]
[Termination "EdmundPlayer won by checkmate"]

1. e4 c6 2. d4 d5 3. exd5 cxd5 4. Bd3 Nc6 5. Bf4 Nxd4 6. c3 Nc6 7. Nf3 Bg4 8. Nbd2 e6 9. O-O Nf6 10. Qa4 Bd6 11.
Bg5 h6 12. Bxf6 Qxf6 13. Qxg4 O-O 14. h3 e5 15. Bc2 e4 16. Nd4 Ne5 17. Qe2 Rfe8 18.
Bb3 Ng6 19. Bxd5 Qe5 20. Bxf7+ Kxf7 21. g3 Kg8 22. Rae1 e3 23. Qxe3 Qxe3 24. Rxe3 Rxe3 25. fxe3 Bxg3 26. Nf5 Be5 27. Nc4 Bf6 28. Rd1 Nf8 29. Kg2 Kh7 30. e4 Re8 31. Ncd6 Re6 32. Kf3 b6 33. b3 Nd7 34. c4 Ne5+ 35. Kf4 Bg5+ 36.
Kg3 Nc6 37. h4 Bf6 38. Kf4 Be5+ 39. Kf3 Nb4 40. a3 Nc2 41. Rd2 Nxa3 42. Nf7 Bf6 43. Rd7 a5 44. N7d6 Nc2 45. Nb5 Ne1+ 46. Kf4 Ng2+ 47.
Kg3 Ne1 48. Nc7 Rxe4 49. Ne8 Be5+ 50. Kf2 Nc2 51. Nfxg7 Bxg7 52. Rxg7+ Kh8 53. Rg6 Rxe8 54. Rxh6+ Kg7 55. Rxb6 Ra8 56. Rb7+ Kg6 57. Rb6+ Kh5 58. Kg3 Nd4 59. Rd6 Nxb3 60. Rd5+ Kg6 61. c5 a4 62. h5+ Kh6 63. Kg4 a3 64. Rd6+ Kh7 65. c6 a2 66. Kg5 Rg8+ 67. Kh4 a1=Q 68. Rd7+ Kh8 69. Rd6 Qh1# 0-1

[Event "Early-Titled-Tuesday-Blitz-February-27-2024"]
[Site "Chess.com"]
[Date "2024.02.27"]
[Round "4"]
[White "jcibarra"]
[Black "blitzking1729"]
[Result "0-1"]
[WhiteElo "2943"]
[BlackElo "2708"]
[TimeControl "180+1"]
[EndTime "8:39:34 PST"]
[Termination "blitzking1729 won by checkmate"]

1. e4 e5 2. Nf3 Nc6 3. d4 exd4 4. Nxd4 Nf6 5. Nxc6 bxc6 6. e5 Qe7 7. Qe2 Nd5 8. Nd2 g6 9. c4 Ba6 10. Nf3 Qb4+ 11.
Kd1 Qb6 12. Qe4 Ne7 13. b3 Rd8 14. Be3 c5 15. Kc2 Bg7 16. Rd1 O-O 17. Bd3 Nf5 18.
Bg5 Bb7 19. Qf4 Bxf3 20. gxf3 Nd4+ 21. Kb2 f6 22. exf6 Bxf6 23. Bxf6 Rxf6 24. Qd2 Nxf3 25. Qe3 Nd4 26. Rhe1 Rdf8 27. Rf1 Rf3 28. Qe7 Rxf2+ 29. Rxf2 Rxf2+ 30. Kb1 Rf7 31. Qe8+ Kg7 32. Qe5+ Qf6 33.
Qxc5 d6 34. Qxa7 c5 35. Qa3 Qf3 36. Qc1 Qg2 37. Qd2 Rf2 38. Qc3 Rxa2 39. Be4 Qe2 40. Qd3 Qxd3+ 41. Rxd3 Rxh2 42. b4 Rh4 43. b5 Rxe4 44.
b6 Re8 45. Ra3 Rb8 46. Ra7+ Kf6 47. Ra6 Nc6 48. Kb2 Nb4 49. Ra7 Rxb6 50. Rxh7 Nc6+ 51. Kc3 Ne5 52. Rh1 Rb4 53. Rh2 Rxc4+ 54. Kb3 Rf4 55. Kc3 g5 56. Kb3 Kf5 57. Rh6 d5 58. Rd6 Ke4 59. Ka4 g4 60. Kb5 g3 61. Kxc5 g2 62. Kb5 g1=Q 63. Re6 Kf5 64. Re8 Rc4 65. Rf8+ Ke4 66.
Ka6 Qa1+ 67. Kb5 Qb2+ 68. Ka5 Qa3+ 69. Kb5 Qb3+ 70. Ka5 Ra4# 0-1

[Event "Early-Titled-Tuesday-Blitz-February-27-2024"]
[Site "Chess.com"]
[Date "2024.02.27"]
[Round "4"]
[White "SlavenPastar"]
[Black "artin10862"]
[Result "1-0"]
[WhiteElo "2618"]
[BlackElo "2878"]
[TimeControl "180+1"]
[EndTime "8:39:40 PST"]
[Termination "SlavenPastar won on time"]

1. b3 e5 2. Bb2 Nc6 3. Nf3 e4 4. Nd4 Nf6 5. e3 d5 6. c4 Nxd4 7. Bxd4 c5 8. Bxf6 Qxf6 9. Nc3 d4 10. Nxe4 Qe5 11. Bd3 Bf5 12. f4 Qe6 13. Ng5 Qd7 14.
Bxf5 Qxf5 15. O-O Be7 16. e4 Qg6 17. d3 Bxg5 18. fxg5 Qxg5 19. Qf3 O-O 20. Rae1 Rae8 21. Qf5 Qe7 22. Rf3 Qe5 23. Ref1 f6 24. Qg4 g6 25. Rf5 Qe6 26. Qg3 b6 27. h4 Re7 28. h5 Rg7 29. h6 Rgf7 30. Rd5 Rd7 31. Rdf5 Rdf7 32. Rd5 Re8 33. Rd6 Qe5 34. Qxe5 fxe5 35. g4 Rxf1+ 36. Kxf1 g5 37. Kg2 Kf7 38. Rd7+ Re7 39. Rd6 Re6 40.
Rd7+ Re7 41. Rd6 Rc7 42. Rd8 Ke6 43. Rg8 Kf6 44. Kg3 Rf7 45. a3 Re7 46. b4 cxb4 47.
axb4 Rc7 48. b5 Rd7 49. Rc8 Kg6 50. Rc6+ Kf7 51. Rc8 Re7 52. Rc6 Re6 53. Rc7+ Re7 54. Rc6 Rd7 55. Rc8 Kf6 56. Rc6+ Ke7 57. Rc8 Ke6 58.
Ra8 Kd6 59. Rg8 Rf7 60. Rxg5 Ke6 61. Rg8 Rf1 62. g5 Rd1 63. g6 Kf6 64. gxh7 Rg1+ 65. Kf2 1-0

[Event "Early-Titled-Tuesday-Blitz-February-27-2024"]
[Site "Chess.com"]
[Date "2024.02.27"]
[Round "4"]
[White "ChessRespected"]
[Black "baki83"]
[Result "0-1"]
[WhiteElo "2579"]
[BlackElo "2844"]
[TimeControl "180+1"]
[EndTime "8:39:41 PST"]
[Termination "baki83 won on time"]

1. d4 d5 2. Nf3 Nf6 3. e3 Bf5 4. c4 e6 5. Nc3 c6 6. Nh4 Bg6 7.
Bd2 Nbd7 8. Nxg6 hxg6 9. Qc2 Bd6 10. O-O-O Qe7 11. Kb1 a6 12. f4 dxc4 13. e4 Bb4 14. Bxc4 b5 15. Bb3 c5 16. e5 c4 17. exf6 Nxf6 18.
Bxc4 bxc4 19. Qa4+ Kf8 20. d5 exd5 21. Rhe1 Qb7 22. a3 Bxc3 23. Bxc3 Ne4 24. Qb4+ Qxb4 25. Bxb4+ Kg8 26. Rxd5 Nf6 27. Rd4 Rxh2 28. Rxc4 Rxg2 29.
Bc3 Nd5 30. Be5 f6 31. Bd6 g5 32.
fxg5 Rxg5 33. Ka2 Kf7 34. Rc5 Rf5 35. Rd1 Ke6 36. Rc6 Kd7 37. Rdc1 Rf1 38. R1c5 Rd1 39.
Bg3 Ke7 40. Bd6+ Kf7 41. Bg3 g5 42. Rd6 Ke7 43. Rdxd5 Rxd5 44. Rxd5 Ke6 45. Rd6+ Kf5 46. Be1 Ke5 47. Rb6 f5 48. Bc3+ Ke4 49. Rb4+ Kf3 50. Rd4 g4 51. Bd2 g3 52. Rf4+ Ke2 53. Rxf5 Rg8 54. Bb4 g2 55. Bc5 g1=Q 56. Bxg1 Rxg1 57.
Rf6 Kd3 58. Rxa6 Kc4 59. Rb6 Rg2 60. Rb4+ Kc5 61. Rb3 Kc4 62. Rb4+ Kc5 63. Rb8 Rh2 64. a4 Kc6 65. Ka3 Kc5 66. Rb5+ Kc6 67. Rb8 Kc5 68. Rb3 Rg2 69. a5 Kc6 70. Rb6+ Kc5 71.
b4+ Kd5 72. a6 Kc4 73. Rc6+ Kb5 74. a7 Rg3+ 0-1

[Event "Early-Titled-Tuesday-Blitz-February-27-2024"]
[Site "Chess.com"]
[Date "2024.02.27"]
[Round "4"]
[White "Yurovskykh_Oleksandr"]
[Black "TigrVShlyape"]
[Result "1-0"]
[WhiteElo "2685"]
[BlackElo "2863"]
[TimeControl "180+1"]
[EndTime "8:39:52 PST"]
[Termination "Yurovskykh_Oleksandr won on time"]

1. d4 f5 2. Nc3 Nf6 3. Bg5 d5 4. e3 Be6 5. Nf3 Nbd7 6. Ne2 c6 7. Nf4 Bf7 8. Nd3 Bh5 9. Be2 Bxf3 10. Bxf3 e6 11. O-O Bd6 12. Rc1 O-O 13. c4 a5 14.
Be2 Qb8 15. Bf4 Re8 16. c5 Bc7 17. Bxc7 Qxc7 18. f4 Reb8 19. b3 b6 20. cxb6 Rxb6 21. Qc2 Qa7 22. Nb2 Rc8 23. Na4 Rb7 24. Bd3 Rbc7 25.
Nc5 Nxc5 26. Qxc5 Kf7 27. Rf2 Qa8 28. Rfc2 Nd7 29. Qd6 Nf6 30. h3 h5 31. Qa3 h4 32. Rc5 Ra7 33. Qa4 Nd7 34. Rxc6 Rxc6 35.
Qxc6 Qb8 36. Bb5 Nf6 37. a4 Ne4 38. Qc8 Qxc8 39. Rxc8 g5 40. fxg5 Nxg5 41. Rh8 Rc7 42. Ra8 Ne4 43. Kf1 Rc3 44. Rxa5 Rxb3 45. Ra8 Rxe3 46.
a5 Ra3 47. a6 Nd6 48. Bc6 Nc4 49.
Bb7 Kg7 50. Re8 Kf6 51. Rh8 Kg5 52. Rg8+ Kf4 53. Ke2 Ra2+ 54. Kd1 Ne3+ 55. Kc1 Ra4 56. Kb2 Nc4+ 57. Kb3 Ra1 58. Kb4 Ke4 59. Kb5 Ra5+ 60. Kc6 Kxd4 61. Rh8 Ke3 62. Rxh4 d4 63. Rh8 d3 64. Rd8 d2 65. h4 Ne5+ 66. Kc7 Nd3 67. Kb6 Rxa6+ 68. Bxa6 d1=Q 69. Rxd3+ Qxd3 70. Bxd3 Kxd3 71. h5 e5 72. h6 e4 73. h7 e3 74. h8=Q e2 75. Qe5 Kd2 76. Qd4+ Kc2 77. Qe3 Kd1 78. Qd3+ Ke1 79. Qxf5 Kd2 80. Qe4 e1=Q 81. Qxe1+ Kxe1 82. g4 1-0

[Event "Early-Titled-Tuesday-Blitz-February-27-2024"]
[Site "Chess.com"]
[Date "2024.02.27"]
[Round "4"]
[White "DmitryMaximov"]
[Black "Matols"]
[Result "0-1"]
[WhiteElo "2765"]
[BlackElo "2412"]
[TimeControl "180+1"]
[EndTime "8:39:53 PST"]
[Termination "Matols won by resignation"]

1. e4 c6 2. Nf3 d5 3. Nc3 dxe4 4.
Nxe4 Nf6 5. Qe2 Nxe4 6. Qxe4 Qd5 7. Qe3 Bf5 8. c4 Qa5 9. Be2 e6 10. O-O Be7 11. d4 O-O 12. Bd2 Qc7 13. Bc3 Re8 14.
Rad1 Nd7 15. h3 h6 16. Rfe1 Rad8 17. Bf1 Bf6 18. Ne5 Nxe5 19. dxe5 Be7 20. g4 Bc2 21.
Rd2 Rxd2 22. Qxd2 Bg6 23. Qe3 b6 24. Rd1 Rd8 25. Rd2 Bc5 26. Qf4 Rxd2 27. Qxd2 Be7 28. Bg2 c5 29. f4 Qd8 30. Qxd8+ Bxd8 31. Kf2 Bb1 32. a3 Bd3 33. Bf1 Bxf1 34. Kxf1 Kf8 35.
Ke2 Bh4 36. b4 cxb4 37. axb4 a6 38. Ke3 Ke8 39. Ke4 Kd7 40. f5 Kc6 41. Bd2 Be7 42. Be1 Bd8 43. h4 a5 44. bxa5 bxa5 45. g5 hxg5 46.
f6 g6 47. hxg5 Kc5 48. Kd3 a4 49. Bc3 Bc7 50. Bd2 Bxe5 51. Be3+ Kc6 52. Kc2 a3 53. Kb3 Bb2 54. Ka2 Kd6 55. Kb3 Ke5 56. Ka2 Ke4 57. Bf2 Ke5 58. c5 Kd5 59. Kb3 e5 60. Be3 e4 61.
Ka2 Kc6 62. Bf2 Bc1 63. Kb3 Bxg5 64. Kxa3 Bxf6 65. Kb4 Be7 66. Kc4 f5 67. Be3 Bf8 68. Bd4 Be7 69. Be3 g5 70. Bf2 f4 71. Be1 e3 72. Kd3 Bxc5 73. Ke4 Bb6 74. Kf5 Kd5 75.
Kxg5 Ke4 76. Kg4 f3 77. Kg3 f2 78. Bxf2 exf2 79. Kg2 Kd3 80. Kf1 Kd2 81. Kg2 Ke2 0-1

[Event "Early-Titled-Tuesday-Blitz-February-27-2024"]
[Site "Chess.com"]
[Date "2024.02.27"]
[Round "4"]
[White "ArchibaldCerveza29"]
[Black "shimastream"]
[Result "0-1"]
[WhiteElo "2455"]
[BlackElo "2951"]
[TimeControl "180+1"]
[EndTime "8:39:56 PST"]
[Termination "shimastream won by resignation"]

1. e4 c5 2. Nf3 d6 3. d4 cxd4 4. Nxd4 Nf6 5. Nc3 g6 6. Be3 Bg7 7. f3 O-O 8. Qd2 Nc6 9. O-O-O Bd7 10. g4 Rc8 11. h4 Ne5 12. h5 Qa5 13. Nb3 Qc7 14. Be2 b5 15. Kb1 b4 16. Nd5 Nxd5 17. exd5 a5 18. Rc1 a4 19. Nd4 Nc4 20. Bxc4 Qxc4 21.
Rhd1 Rc5 22. Nc6 Rxc6 23. dxc6 Bxc6 24. Bd4 e5 25. Be3 Bxf3 26. Rf1 Bd5 27. b3 axb3 28.
cxb3 Qe4+ 29. Ka1 Be6 30. Bh6 d5 31. Bxg7 Kxg7 32. hxg6 hxg6 33. g5 Rh8 34. Rce1 Qd4+ 35. Qxd4 exd4 36. Rf4 d3 37. Rd4 Rh3 38. Rd1 Bf5 39. Rxd5 Rg3 40. Kb2 Rg2+ 41. Kc1 Rc2+ 42. Kb1 Rg2 43. Ka1 Rxg5 44. Kb1 Rg2 45. Ka1 Kf6 46.
a4 bxa3 47. b4 Rb2 48. b5 Ke6 49. Rd8 Rxb5 50. Ka2 Ra5 51. Rd4 Kf6 52. Rd6+ Kg7 53. Rd4 g5 54. Rf1 Be6+ 55. Ka1 Bf5 56. Rd6 Bg6 57.
Rg1 Ra4 58. Ka2 g4 59. Kb3 Rf4 60. Kxa3 Kh6 61. Kb3 Kg5 62. Kc3 Rf2 63. Rd5+ Bf5 64.
Kd4 Rf4+ 65. Ke3 Rf3+ 66. Kd2 f6 67. Ra5 Rf2+ 68. Ke3 Re2+ 69. Kd4 Rf2 70. Ke3 Rf3+ 71. Kd2 Kf4 72. Ra4+ Be4 73. Re1 f5 74. Rb4 Rf2+ 75. Kd1 g3 76. Rg1 g2 77. Ke1 Ke3 78. Ra4 d2+ 0-1

[Event "Early-Titled-Tuesday-Blitz-February-27-2024"]
[Site "Chess.com"]
[Date "2024.02.27"]
[Round "4"]
[White "vi_pranav"]
[Black "RobertoJBM"]
[Result "1-0"]
[WhiteElo "3112"]
[BlackElo "2853"]
[TimeControl "180+1"]
[EndTime "8:39:58 PST"]
[Termination "vi_pranav won on time"]

1. e4 c6 2. d4 d5 3. e5 Bf5 4.
Nf3 e6 5. Be2 Nd7 6. O-O Bg6 7.
c3 Ne7 8. Na3 Nf5 9. Nc2 Be7 10.
Bd3 O-O 11. Ne3 Nxe3 12. Bxe3 c5 13. Bxg6 fxg6 14. h3 c4 15. Nd2 b5 16. a3 a5 17.
Qg4 Rf5 18. Rfe1 a4 19. Nf1 Bh4 20. g3 Be7 21. f4 Nf8 22. Qe2 g5 23. fxg5 Bxg5 24.
h4 Be7 25. Nh2 Qe8 26. Rf1 Qg6 27.
Qg2 Nd7 28. Rxf5 Qxf5 29. Rf1 Qd3 30. Bc1 Rf8 31. Re1 Qg6 32. Nf1 Rf7 33. Ne3 Nf8 34. Kh2 h5 35. Qe2 Qe4 36. Ng2 Qxe2 37. Rxe2 Ng6 38.
Bd2 Rf5 39. Ne3 Rf7 40. Nd1 Rf3 41. Kg2 Rf5 42. Nf2 Nf8 43. Nh3 Ng6 44. Bg5 Kf7 45.
Bc1 Ke8 46. Ng1 Bd8 47. Nf3 Ne7 48. Kf2 Rf8 49. Re1 Nf5 50. Rg1 Kf7 51. Ke2 Be7 52.
Bf4 Rh8 53. Bd2 Rg8 54. Bg5 Rf8 55. Bf4 Rg8 56. Kf2 Rf8 57. Kg2 Ke8 58. Bd2 Kf7 59. Re1 Ke8 60. Ng1 Rf7 61. Nh3 Rf8 62. Nf4 Kf7 63. Nxh5 g6 64. Nf4 g5 65. hxg5 Bxg5 66.
Rh1 Bxf4 67. Bxf4 Kg6 68. Kf3 Kf7 69. g4 Ng7 70. Kg3 Rg8 71. Kf3 Kg6 72. Rh6+ Kf7 73.
Rf6+ Ke8 74. Bh6 Ke7 75. Rg6 Rf8+ 76. Kg3 1-0

[Event "Early-Titled-Tuesday-Blitz-February-27-2024"]
[Site "Chess.com"]
[Date "2024.02.27"]
[Round "4"]
[White "starworld123"]
[Black "Susal_De_Silva"]
[Result "1/2-1/2"]
[WhiteElo "2833"]
[BlackElo "2622"]
[TimeControl "180+1"]
[EndTime "8:39:59 PST"]
[Termination "Game drawn by stalemate"]

1. Nf3 Nf6 2. c4 e6 3. g3 b6 4. d4 Bb7 5. Bg2 g6 6. O-O Bg7 7. Nc3 Ne4 8. Bd2 O-O 9. Rc1 Nxc3 10. Bxc3 d6 11. d5 Bxc3 12. Rxc3 e5 13. b4 Nd7 14. Nd2 a5 15. a3 axb4 16. axb4 f5 17. Nb3 e4 18. Nd4 Qf6 19. Qd2 Ra4 20. Ne6 Rc8 21.
c5 bxc5 22. bxc5 Nxc5 23. Nxc5 dxc5 24. Rxc5 Qd4 25. Qc2 Ra2 26. Qxa2 Qxc5 27. d6+ Bd5 28. d7 Rd8 29. Qa4 Bc6 30. Qa2+ Qd5 31. Qa7 Rxd7 32. Rc1 Bb5 33. Rxc7 Rxc7 34. Qb8+ Kf7 35. Qxc7+ Qd7 36. Qc2 Qc6 37. Qb2 Qd5 38. Bf1 e3 39. f3 Qc5 40.
Qh8 h5 41. Qh7+ Kf6 42. Qh8+ Kf7 43. h4 Bc4 44. Qh7+ Kf6 45. Qh6 Be6 46. Kg2 Qc1 47.
Qf8+ Bf7 48. Qd8+ Kg7 49. Qd4+ Kg8 50. Kg1 Kh7 51. Qf6 Kg8 52. Qe7 Qd2 53. Qe5 Kh7 54. Qf6 Kg8 55. Qg5 Kg7 56. g4 hxg4 57. fxg4 fxg4 58.
h5 Qd4 59. h6+ Kh7 60. Bg2 Qd1+ 61. Kh2 Qd6+ 62. Kg1 Qd1+ 63. Kh2 Qxe2 64. Qf6 g3+ 65. Kxg3 Qf2+ 66. Qxf2 exf2 67. Kxf2 Kxh6 68. Kg3 Kg5 69. Bf3 Kf6 70. Be4 g5 71. Bf3 Bg6 72. Bg4 Bf5 73.
Bxf5 Kxf5 74. Kf3 g4+ 75. Kg3 Kg5 76. Kg2 Kf4 77. Kf2 g3+ 78. Kg2 Kg4 79. Kg1 Kh3 80. Kh1 g2+ 81. Kg1 Kg3 1/2-1/2